 Dungeon Crawl Stone Soup version 0.29.1-4-g47bece8355 (webtiles) character file.

Game seed: 10269655158034625548

99 hawla the Firebug (level 5, -1/38 HPs)
             Began as a Meteoran Fire Elementalist on Dec 8, 2022.
             Slain by a black bear (7 damage)
             ... on level 4 of the Dungeon.
             The game lasted 00:03:18 (441 turns).

hawla the Firebug (Meteoran Fire Elementalist)       Turns: 441, Time: 00:03:19

Health: -1/38      AC:  2    Str:  9 (10) XL:     5   Next: 23%
Magic:  4/12       EV: 12    Int: 18      God:
Gold:   28         SH:  0    Dex: 11 (14) Spells: 9/12 levels left

rFire   . . .      SeeInvis .   d - staff of earth
rCold   . . .      Faith    .   (no shield)
rNeg    . . .      Spirit   .   a - +0 robe
rPois   .          Reflect  .   (no helmet)
rElec   .          Harm     .   (no cloak)
rCorr   .          Rampage  .   (no gloves)
Will    .....                   (no boots)
Stlth   +.........              (no amulet)
HPRegen 0.12/turn               (no ring)
MPRegen 0.13/turn               (no ring)

@: glowing
A: sense surroundings 1, otherworldly, glowing, explore regen
a: no special abilities


You were on level 4 of the Dungeon.
You visited 1 branch of the dungeon, and saw 4 of its levels.

You collected 28 gold pieces.

Inventory:

Armour
 a - a +0 robe (worn)
Magical Staves
 d - a staff of earth (weapon)


   Skills:
 + Level 0.1 Fighting
 + Level 0.2 Staves
 + Level 2.7 Dodging
 - Level 1.4 Stealth
 + Level 4.0 Spellcasting
 + Level 1.9 Conjurations
 + Level 5.1 Fire Magic


You had 9 spell levels left.
You knew the following spells:

 Your Spells              Type           Power      Damage    Failure   Level
a - Foxfire               Conj/Fire      64%        2x1d7     3%          1
b - Scorch                Fire           44%        2d7       2%          2

Your spell library contained the following spells:

 Spells                   Type           Power      Damage    Failure   Level
 Conjure Flame            Conj/Fire      16%        6-21      11%         3
 Inner Flame              Hex/Fire       12%        N/A       16%         3
 Flame Wave               Conj/Fire      16%        2d7       34%         4
 Ozocubu's Armour         Ice            3%         N/A       41%         3
 Metabolic Englaciation   Hex/Ice        1%         N/A       99%         5
 Simulacrum               Ice/Necr       1%         N/A       100%        6


Dungeon Overview and Level Annotations

Branches:
Dungeon (4/15) Zot: 1957
 Temple: D:4-7

Altars:


Innate Abilities, Weirdness & Mutations

You passively map a small area around you.
You are easily found by Zot.
You glow in the dark.
You regain HP and MP as you explore.


Message History

There is an open door here.
Things that are here:
a +0 dagger; a +0 robe; an orc corpse
Things that are here:
a +1 vorpal hand axe; a +0 scale mail
Things that are here:
a +0 short sword; 7 poisoned darts; a kobold corpse
There is a stone staircase leading down here.
You climb downwards.
There is a stone staircase leading up here.
An orc is nearby!
Casting: Scorch (safe; 2% risk of failure)
Confirm with . or Enter, or press ? or * to list all spells.
Flames lash the orc.
You kill the orc!
The black bear bites you but does no damage.
The black bear claws you but does no damage.
The black bear claws you.
A giant cockroach comes into view.
Casting: Scorch (safe; 2% risk of failure)
Confirm with . or Enter, or press ? or * to list all spells.
Flames lash the black bear.
The black bear is moderately wounded.
The black bear's fire resistance burns away.
The black bear bites you. The black bear claws you.
The black bear claws you but does no damage.
Casting: Scorch (safe; 2% risk of failure)
Confirm with . or Enter, or press ? or * to list all spells.
Flames lash the black bear.
The black bear is burned terribly!
The black bear is severely wounded.
The black bear bites you!
* * * LOW HITPOINT WARNING * * *
The black bear barely misses you.
The black bear claws you but does no damage.
Casting: Scorch (safe; 2% risk of failure)
Confirm with . or Enter, or press ? or * to list all spells.
Flames lash the giant cockroach.
You kill the giant cockroach!
The black bear bites you!
You die...

+#....##..... , ,
* *##.....##.... .
, ##......##...*
.. , ,
#........#..#* ...
,
.....).#.#..##....
*.......#.#<.[..#
,
#......#.)..####*
*, , ,
#....[.#..h..# + ,
#..>...#..@..#
#......#.....# *
###..###.....# , *
*#.......
........., * *
*########...# ,,
...#* , , * , ..#
, ,


You could see a black bear (combustible).

Vanquished Creatures
  An orc priest (D:3)
  An orc wizard (D:3)
  An adder (D:2)
  A white imp (D:3)
  7 orcs
  4 endoplasms
  A giant cockroach (D:4)
  2 goblins
  A hobgoblin (D:2)
  4 kobolds
  2 frilled lizards (D:1)
25 creatures vanquished.

Vanquished Creatures (others)
  50 foxfires
  2 plants (D:3)
52 creatures vanquished.

Grand Total: 77 creatures vanquished

Notes
Turn   | Place    | Note
-------+----------+-------------------------------------------
     0 | D:1      | hawla the Meteoran Fire Elementalist began the quest for
                  | the Orb.
     0 | D:1      | Reached XP level 1. HP: 14/14 MP: 5/5
    97 | D:1      | Reached XP level 2. HP: 20/20 MP: 3/6
   114 | D:2      | Reached skill level 4 in Fire Magic
   124 | D:2      | Learned a level 2 spell: Scorch
   247 | D:2      | Reached XP level 3. HP: 26/26 MP: 2/8
   262 | D:4      | Noticed a black bear
   335 | D:3      | Reached XP level 4. HP: 13/33 MP: 1/10
   337 | D:3      | Reached skill level 5 in Fire Magic
   346 | D:3      | HP: 1/33 [something/puff of flame (9)]
   350 | D:3      | Reached XP level 5. HP: 2/38 MP: 9/12
   441 | D:4      | Slain by a black bear

Illustrated notes

Levels and vault maps discovered:
D:1:      dpeg_arrival_court, layout_loops_ring,
          hellmonk_ecumenical_altar_inner_sanctum,
          chequers_serial_rivers_small_a
D:2:      minmay_wonky_spiral, layout_loops_ring, uniq_crazy_yiuf_cottage
D:3:      layout_loops_corners, serial_forest, infiniplex_forest_zigzag_1,
          infiniplex_forest_clump_medium, infiniplex_forest_corner_2,
          infiniplex_forest_clump_diagonal, infiniplex_forest_lined_2,
          infiniplex_forest_lined_room_
D:4:      layout_basic, nemelex_diamond_rough_becter,
          minmay_temple_entry_proselytizer, uniq_eustachio, uniq_pikel,
          uniq_sigmund, uniq_edmund

Skill      XL: |  1  2  3  4 |
---------------+-------------+-----
Fire Magic     | 4 5 |  5.1
Spellcasting   | 3 4 |  4.0
Fighting       | |  0.1
Staves         | |  0.2
Dodging        | |  2.7
Stealth        | |  1.4
Conjurations   | |  1.9

Action                   |  1- 3 |  4- 6 || total
-------------------------+-------+-------++-------
Melee: Unarmed           |     1 |       ||     1
       Staff             |     4 |     1 ||     5
 Cast: Foxfire           |    27 |     4 ||    31
       Scorch            |     5 |     7 ||    12
  Use: Potion            |     2 |     1 ||     3
       Scroll            |     1 |       ||     1
Armor: Robe              |     4 |     4 ||     8
Dodge: Dodged            |     8 |     1 ||     9
